 Dungeon Crawl Stone Soup version 0.28.0-47-ge53b351184 (webtiles) character file.

Game seed: 15640146959136402181

31 Revguard the Gusty (level 3, -1/20 HPs)
             Began as a Tengu Air Elementalist on May 7, 2022.
             Slain by a goblin
             ... wielding a +0 club
             ... led by Robin
              (3 damage)
             ... on level 2 of the Dungeon.
             The game lasted 00:04:19 (1057 turns).

Revguard the Gusty (Tengu Air Elementalist)         Turns: 1057, Time: 00:04:19

Health: -1/20      AC:  2    Str: 10    XL:     3   Next: 22%
Magic:  2/7        EV: 12    Int: 15    God:
Gold:   46         SH:  5    Dex: 14    Spells: 0/6 levels left

rFire   . . .      SeeInvis .   (no weapon)
rCold   . . .      Faith    .   (no shield)
rNeg    . . .      Spirit   .   a - +0 robe
rPois   .          Reflect  +   (helmet restricted)
rElec   .          Harm     .   (no cloak)
rCorr   .          Rampage  .   (no gloves)
Will    .....                   (boots unavailable)
Stlth   ++........              d - amulet of reflection
HPRegen 0.06/turn               (no ring)
MPRegen 0.10/turn               (no ring)

@: on berserk cooldown
A: beak, talons 3
a: no special abilities


You were on level 2 of the Dungeon.
You visited 1 branch of the dungeon, and saw 2 of its levels.

You collected 46 gold pieces.

Inventory:

Armour
 a - a +0 robe (worn)
Jewellery
 d - an amulet of reflection (around neck)
Potions
 e - 3 potions of resistance


   Skills:
 + Level 0.5 Fighting
 + Level 0.8 Staves
 + Level 0.5 Armour
 + Level 2.4 Dodging
 + Level 2.2 Stealth
 + Level 2.1 Spellcasting
 + Level 1.9 Conjurations
 + Level 0.7 Fire Magic
 + Level 4.1 Air Magic


You couldn't memorise any spells.
You knew the following spells:

 Your Spells              Type           Power      Damage    Failure   Level
a - Shock                 Conj/Air       40%        1d5       6%          1
b - Static Discharge      Conj/Air       10%        N/A       10%         2
c - Swiftness             Air            14%        N/A       12%         3

Your spell library contained the following spells:

 Spells                   Type           Power      Damage    Failure   Level
 Airstrike                Air            7%         N/A       36%         4


Dungeon Overview and Level Annotations

Branches:
Dungeon (2/15)

Altars:

Annotations:
D:2 Robin


Innate Abilities, Weirdness & Mutations

You have a beak for a mouth.
You have claws for feet.


Message History

The zap hits the goblin.
The goblin is moderately wounded.
The zap hits the dart slug.
The dart slug is lightly wounded.
You block the goblin's attack.
Unknown command.
Aiming: Shock (safe; 6% risk of failure)
Press: ? - help, Q - select action, (/) - cycle Shift-Dir - straight line, f - Robin, p - dart slug
Aim: Robin, wielding a +0 club, wearing a +0 animal skin and wearing a +1 helmet (moderately wounded, 77% to hit)
The zap misses the goblin. x3; The zap hits Robin.
Robin is heavily wounded.
The zap misses the goblin.
The zap hits the dart slug.
The dart slug is heavily wounded.
You block the goblin's attack.
Aiming: Shock (safe; 6% risk of failure)
Press: ? - help, Q - select action, (/) - cycle Shift-Dir - straight line, f/p - Robin
Aim: Robin, wielding a +0 club, wearing a +0 animal skin and wearing a +1 helmet (heavily wounded, 77% to hit)
The zap misses the goblin.
The zap hits the goblin.
You kill the goblin!
The zap hits the goblin.
The goblin is severely wounded.
The zap hits Robin.
Robin is severely wounded.
The zap misses the goblin.
You block the goblin's attack.
Aiming: Shock (safe; 6% risk of failure)
Press: ? - help, Q - select action, (/) - cycle Shift-Dir - straight line, f/p - Robin
Aim: Robin, wielding a +0 club, wearing a +0 animal skin and wearing a +1 helmet (severely wounded, 77% to hit)
The zap hits the goblin.
The goblin is heavily wounded.
The zap hits the goblin.
You kill the goblin!
The zap hits the adder.
The adder is lightly wounded.
The zap hits Robin.
Robin is severely wounded.
The zap hits the goblin.
You kill the goblin!
The goblin hits you with a +0 club.
You die...

### ..#
#.# #.#
#.# #@#
#### #g#
....###S#
..S....B#
....g.gg#
?.?.).)w##
.......w<#
.......#.#
......!#.#


You could see Robin, an adder, 2 dart slugs, a giant cockroach and 2 goblins.

Vanquished Creatures
  An endoplasm (D:1)
  2 giant cockroaches (D:1)
  8 goblins
  2 quokkas (D:1)
  7 ball pythons (D:1)
  3 bats (D:1)
  A frilled lizard (D:1)
  4 kobolds (D:1)
  5 rats (D:1)
33 creatures vanquished.

Notes
Turn   | Place    | Note
-------+----------+-------------------------------------------
     0 | D:1      | Revguard the Tengu Air Elementalist began the quest for the
                  | Orb.
     0 | D:1      | Reached XP level 1. HP: 10/10 MP: 4/4
   232 | D:1      | Reached XP level 2. HP: 15/15 MP: 4/6
   260 | D:1      | Found a faded altar of an unknown god.
   333 | D:1      | Learned a level 2 spell: Static Discharge
   895 | D:1      | Reached XP level 3. HP: 20/20 MP: 4/7
  1010 | D:1      | Learned a level 3 spell: Swiftness
  1044 | D:2      | Noticed Robin
  1057 | D:2      | Slain by a goblin

Illustrated notes

Levels and vault maps discovered:
D:1:      onia_arrival_handbag, layout_basic, hellmonk_ecumenical_altar_lost_god
D:2:      layout_loops_ring, serial_shops, nicolae_shop_bloodbath_and_beyond,
          basic_altar, minmay_tiny_reverse_x, uniq_robin

Action                   || total
-------------------------++-------
Melee: Unarmed           ||     2
       Kick              ||     2
 Cast: Shock             ||    36
       Static Discharge  ||     1
  Use: Scroll            ||     2
       Potion            ||     1
Armor: Robe              ||     1
Dodge: Dodged            ||    14
Block: Other             ||     7
       Reflection        ||     1
